 Dungeon Crawl Stone Soup version 0.27-a0-1590-g15f6982 (webtiles) character file.

Game seed: 16871474874007309151

57 Geeful the Skirmisher (level 3, 0/29 HPs)
             Began as a Demonspawn Abyssal Knight on July 18, 2021.
             Was a Follower of Lugonu.
             Succumbed to an adder's poison
             ... on level 2 of the Dungeon.
             The game lasted 00:04:01 (2368 turns).

Geeful the Skirmisher (Demonspawn Abyssal Knight)   Turns: 2368, Time: 00:04:02

Health: 0/29       AC:  6    Str: 12 (13) XL:     3   Next: 73%
Magic:  5/5        EV: 10    Int: 10 (13) God:    Lugonu [*.....]
Gold:   69         SH:  0    Dex: 10 (12) Spells: 2/2 levels left

rFire    . . .     SeeInvis .     - Unarmed
rCold    . . .     Faith    .   (no shield)
rNeg     . . .     Spirit   .   c - +0 scale mail
rPois    .         Reflect  .   (no helmet)
rElec    .         Harm     .   (no cloak)
rCorr    .         Rampage  .   (no gloves)
Will     .....                  (no boots)
Stlth    ..........             (no amulet)
HPRegen  0.09/turn              (no ring)
MPRegen  0.09/turn              (no ring)

@: lethally poisoned (0 -> -8)
A: powered by pain 1, sturdy frame 1
a: Renounce Religion, Depart the Abyss


You were on level 2 of the Dungeon.
You worshipped Lugonu.
Lugonu was aware of your devotion.
You visited 1 branch of the dungeon, and saw 2 of its levels.
You visited the Abyss 1 time.

You collected 69 gold pieces.

Inventory:

Missiles
 e - 5 curare-tipped darts (quivered)
Armour
 c - a +0 scale mail (worn)
Scrolls
 b - a scroll of teleportation
Potions
 d - a potion of invisibility {unknown}


   Skills:
 + Level 3.3 Fighting
 + Level 2.2 Armour
 + Level 1.6 Dodging
 + Level 2.3 Unarmed Combat
 + Level 3.1 Invocations


You had 2 spell levels left.
You didn't know any spells.
Your spell library was empty.

Dungeon Overview and Level Annotations

Branches:
Dungeon (2/15)

Altars:


Innate Abilities, Weirdness & Mutations

You sometimes gain a little power by taking damage.
Your movements are slightly less encumbered by armour. (ER -2)


Message History

You feel sick. The adder closely misses you.
You miss the adder.
The adder is moderately wounded.
You feel sick. The adder barely misses you. The adder closely misses you.
You hit the adder.
The adder is moderately wounded.
You feel sick.
You are no longer poisoned.
The adder bites you.
You are poisoned.
The adder poisons you!
You are too injured to fight recklessly!
You are too injured to fight recklessly!
You are too injured to fight recklessly!
You barely miss the adder.
The adder is moderately wounded.
You feel sick. The adder bites you.
You are more poisoned.
The adder poisons you!
You barely miss the adder.
The adder is moderately wounded.
You feel sick. The adder bites you but does no damage.
You hit the adder.
The adder is heavily wounded.
You feel sick. The adder bites you but does no damage. The adder bites you.
* * * LOW HITPOINT WARNING * * *
You are lethally poisoned!
The adder poisons you!
You barely miss the adder. Your punch misses the adder.
The adder is heavily wounded.
* * * LOW HITPOINT WARNING * * *
You feel sick. The adder misses you.
You barely miss the adder.
The adder is moderately wounded.
* * * LOW HITPOINT WARNING * * *
You feel sick. The adder barely misses you.
It was a potion of degeneration.
There was something very wrong with that liquid.
You feel weakened.
You feel dopey.
You feel clumsy.
You die...

...... .($..
#...# #[..#
...## #
...#.#
###S...### #
#..@.....# #.
##.####.....
##.##..# ##.
###...#.##
........###
###.....>.##
#....##..####
##...
##....##
###.. ####..#


You could see an adder.

Vanquished Creatures
  2 adders (D:2)
  A dart slug (D:1)
  2 ball pythons (D:1)
  An endoplasm (D:1)
  6 giant cockroaches (D:1)
  4 goblins (D:1)
  3 hobgoblins (D:1)
  2 kobolds (D:1)
  4 bats (D:1)
  7 frilled lizards
  3 rats
35 creatures vanquished.

Notes
Turn   | Place    | Note
-------+----------+-------------------------------------------
     0 | Abyss:1  | Geeful the Demonspawn Abyssal Knight began the quest for
                  | the Orb.
     0 | Abyss:1  | Reached XP level 1. HP: 18/18 MP: 2/2
    60 | Abyss:1  | Noticed a neqoxec
    60 | Abyss:1  | Noticed a small abomination
    60 | Abyss:1  | Noticed a harpy zombie
    65 | Abyss:1  | Noticed a small abomination
    66 | D:1      | Escaped the Abyss
   319 | D:1      | Reached skill level 1 in Dodging
   652 | D:1      | Gained mutation: Your movements are slightly less
                  | encumbered by armour. (ER -2) [demonic ancestry]
   652 | D:1      | Reached XP level 2. HP: 17/24 MP: 4/4
   752 | D:1      | Reached * piety under Lugonu
  1422 | D:1      | Found a faded altar of an unknown god.
  1425 | D:1      | Gained mutation: You sometimes gain a little power by
                  | taking damage. [demonic ancestry]
  1425 | D:1      | Reached XP level 3. HP: 27/29 MP: 5/5
  2368 | D:2      | Succumbed to an adder's poison

Illustrated notes

Levels and vault maps discovered:
D:1:      ebering_trefoil_twist, layout_loops_cross,
          ebering_ecumenical_altar_hall, chequers_avenue,
          minmay_worlds_worst_comb
D:2:      layout_rooms

Skill      XL: |  1  2  3 |
---------------+----------+-----
Dodging        | 1 |  1.6
Unarmed Combat | 2 |  2.3
Armour         | 2 |  2.2
Invocations    | 3 |  3.1
Fighting       | |  3.3

Action                   || total
-------------------------++-------
Melee: Unarmed           ||   198
       Punch             ||     4
Throw: Dart              ||     1
Invok: Depart the Abyss  ||     1
  Use: Scroll            ||     3
       Potion            ||     1
 Stab: Sleeping          ||     1
Armor: Leather armour    ||    26
       Ring mail         ||    19
       Scale mail        ||    11
Dodge: Dodged            ||   114

Table legend: (Time is in decaauts)
 A = Elapsed time spent in this place.
 B = Non-inter-level travel time spent in this place.
 C = Inter-level travel time spent in this place.
 D = Time resting spent in this place.
 E = Time spent auto-exploring this place.
 F = Levels seen in this place.
 G = Mean time per level.
                   A        B        C        D        E       F      G
               +--------+--------+--------+--------+--------+-----+--------+
         Total |   2359 |   2349 |     10 |     42 |   1862 |   3 |  786.3 |
       Dungeon |   2293 |   2283 |     10 |     42 |   1862 |   2 | 1146.5 |
         Abyss |     66 |     66 |      0 |      0 |      0 |   1 |   66.0 |
               +--------+--------+--------+--------+--------+-----+--------+

Top non-repeatable levels by time:
     D:1: 1913 daAuts
     D:2: 380 daAuts
 Abyss:1: 66 daAuts
